cohdb
Replays
Latest Replays
All Replays
Popular Replays
Top Player Replays
Match Explorer
How It Works
Community
CoH3 Stats
Reddit
Sign in to upload your games and track your stats! →
Sign in with Steam
Match 37501350
Unlisted
Match 37501350
Overview
Messages
Build Orders
End
Pioneer Squad
Construct Infanterie Kompanie
Grenadier Squad
Grenadier Squad
Selects Breakthrough Battlegroup
Selects Assault Grenadiers
MG 42 Machine Gun Team
GrW 34 Mortar Team
Construct Luftwaffe Kompanie
Luftwaffe Officer Quarters
Medical Bunker
Jäger Squad
Construct Panzer Kompanie
Selects Rapid Production
Stoßtruppen Squad
Selects Blitzkrieg
Jäger Squad
Sturmpanzer IV Brummbär
Selects Tiger Heavy Tank
Jäger Squad
Grenadier Squad
Tiger Heavy Tank
Jäger Squad
broodwarjc
FightingforJesus
0
0
Comments
sign in to comment!
No comments posted yet!